AoeStats
← Jihad Herbie

Arabia

511021928Analyzed
2v2 RM · 10h ago on Oct 3, 2026· 34m 21s· 4 players
Game mode
Random Map
Map size
Medium (4 player)
Population
200
Speed
Normal
Resources
Standard
Victory
Conquest
Starting age
Dark Age
Ending age
Imperial Age
RankedLock teamsTeams togetherTeam positionsShared explorationLock speedFull tech treeHidden civsTurbo modeCheats
Victory
Defeat
🇪🇪 Japanese · Estonia
800
+21
🇫🇷 Vietnamese · France
605
+20
🇦🇺 Koreans · Australia
696
-16
🇦🇺 Hindustanis · Australia
696
-16
Polar_Op
10:50 Feudal Age
11:11 Horse Collar
11:29 Gold Mining
14:04 Wheelbarrow
14:11 Double-Bit Axe
23:14 Fletching
27:18 Castle Age
28:07 Bodkin Arrow
27:35 Crossbowman
28:22 Thumb Ring
Jihad Herbie
10:55 Feudal Age
21:40 Forging
24:07 Loom
27:49 Castle Age
webmaster1987
11:27 Feudal Age
12:06 Double-Bit Axe
14:23 Wheelbarrow
16:45 Gold Mining
18:03 Fletching
25:21 Castle Age
25:32 Crossbowman
neuro
10:58 Feudal Age
11:03 Loom
11:40 Horse Collar
14:19 Man-at-Arms
15:15 Double-Bit Axe
22:37 Castle Age
22:07 Stone Mining
22:52 Scale Mail Armor
23:02 Forging
22:50 Arson
25:49 Gold Mining
25:39 Elite Skirmisher
29:52 Padded Archer Armor
29:42 Fletching
30:29 Iron Casting
30:10 Chain Mail Armor
34:59 Chain Mail Armor
34:41 Bodkin Arrow
Connection lost

Rejoining the realm…

Still unreachable

The connection could not be restored.

Session expired

The server has moved on; the page needs a fresh start.